[Event "Team 45 45 League T36"]
[Site "Internet Chess Club"]
[Date "2008.01.26"]
[Round "1"]
[White "theartist"]
[Black "ADIOKiddo4Ever"]
[Result "0-1"]
[WhiteElo "1213"]
[BlackElo "1483"]
[Opening "King's Indian: Averbakh system"]
[ECO "E73"]
[Time "14:05:56"]
[TimeControl "2700+45"]

1. d4 Nf6 2. c4 g6 3. Nc3 Bg7 4. e4 d6 5. Be2 O-O 6. Bg5 h6 7. Bf4 Nbd7 8. Qd2
Kh7 9. h4 e5 10. Be3 exd4 11. Bxd4 Re8 12. Qf4 Nc5 13. e5 dxe5 14. Bxe5 Nh5 15.
Bxc7 Nxf4 16. Bxd8 Rxd8 17. Nf3 Nxg2+ 18. Kf1 Nf4 19. Rd1 Bh3+ 20. Ke1 Bxc3+ 21.
bxc3 Ng2+ 22. Kf1 Ne3+ 23. Ke1 Nc2# {White checkmated} 0-1

[Event "Team 45 45 League T36"]
[Site "Internet Chess Club"]
[Date "2008.01.27"]
[Round "1"]
[White "Warpdrive"]
[Black "Mitch99"]
[Result "0-1"]
[WhiteElo "1570"]
[BlackElo "1471"]
[Opening "Queen's pawn game"]
[ECO "D04"]
[Time "18:56:30"]
[TimeControl "2700+45"]

1. d4 d5 2. Nf3 Nf6 3. e3 Bg4 4. Bd3 Nc6 5. c3 e5 6. dxe5 Nxe5 7. Be2 Bxf3 8.
Bxf3 c6 9. O-O Bd6 10. b3 Qc7 11. h3 O-O-O 12. a4 h5 13. Ba3 g5 14. Bxd6 Qxd6
15. Be2 g4 16. h4 Ng6 17. g3 Ne4 18. Kg2 Qf6 19. Qd4 Nxh4+ 20. Kh2 Nf3+ 21. Bxf3
Qxf3 22. Nd2 Nxd2 23. Qxd2 h4 24. Rh1 hxg3+ 25. Kg1 Rxh1# {White checkmated} 0-1

[Event "Team 45 45 League T36"]
[Site "Internet Chess Club"]
[Date "2008.01.29"]
[Round "1"]
[White "bjc"]
[Black "Ernie1"]
[Result "1-0"]
[WhiteElo "1395"]
[BlackElo "1639"]
[Opening "Caro-Kann: advance variation"]
[ECO "B12"]
[Time "20:59:19"]
[TimeControl "2700+45"]

1. e4 c6 2. d4 d5 3. e5 Bf5 4. Nf3 e6 5. Be2 Nd7 6. O-O Rc8 7. Nbd2 c5 8. c3
cxd4 9. cxd4 Bc2 10. Qe1 Bb4 11. a3 Qa5 12. Ng5 Nh6 13. g4 O-O 14. f4 Be7 15. h3
Qb6 16. Ngf3 f6 17. Qg3 Kh8 18. Nb1 Bxb1 19. Rxb1 Bxa3 20. Be3 Rc2 21. bxa3 Qa5
22. Bd3 Rc7 23. f5 fxe5 24. dxe5 Qxa3 25. Rbd1 Rc3 26. Ne1 Qb3 27. Rb1 Qa3 28.
Bd2 Rb3 29. Rxb3 Qxb3 30. f6 Kg8 31. fxg7 Rxf1+ 32. Kxf1 Nf7 33. Qh4 h6 34. g5
Ndxe5 35. Ke2 Nc4 36. g6 Ng5 37. Qxh6 {Black resigns} 1-0

[Event "Team 45 45 League T36"]
[Site "Internet Chess Club"]
[Date "2008.01.28"]
[Round "1"]
[White "NESKAYA"]
[Black "mkrump"]
[Result "1/2-1/2"]
[WhiteElo "1559"]
[BlackElo "1515"]
[Opening "Sicilian"]
[ECO "B50"]
[Time "21:35:14"]
[TimeControl "2700+45"]

1. e4 c5 2. Nf3 d6 3. c3 Nc6 4. d4 cxd4 5. cxd4 Nf6 6. Be2 Bd7 7. Nc3 e6 8. Bg5
Be7 9. O-O O-O 10. a3 a6 11. b4 Rc8 12. Rc1 Nh5 13. Bxe7 Nxe7 14. Qd2 Ng6 15. g3
Nf6 16. Rfd1 Ng4 17. h3 Nf6 18. e5 Ne8 19. Ne4 d5 20. Nc3 f6 21. exf6 Nxf6 22.
Bd3 Nh8 23. Re1 Ne8 24. Ng5 g6 25. Nxe6 Bxe6 26. Rxe6 Nc7 27. Re3 Qd7 28. Bf1
Nf7 29. Bg2 Ng5 30. Kh2 Rce8 31. Rxe8 Qxe8 32. Qxg5 Rxf2 33. Nxd5 Nxd5 34. Qxd5+
Kh8 35. Qe5+ Qxe5 36. dxe5 Kg7 37. Rc7+ Kh6 38. Rxb7 Re2 39. Rb6 Rxe5 40. Rxa6
Re2 41. b5 Kh5 42. b6 Rb2 43. a4 g5 44. a5 h6 45. Ra7 g4 46. hxg4+ Kxg4 47. Rg7+
Kh5 48. b7 Rxg2+ 49. Kh1 Rg1+ 50. Kh2 Rg2+ 51. Kh3 Rh2+ 52. Kxh2 {Black
stalemated} 1/2-1/2

[Event "Team 45 45 League T36"]
[Site "Internet Chess Club"]
[Date "2008.01.27"]
[Round "1"]
[White "ckak0202"]
[Black "MarcoDeSade"]
[Result "1/2-1/2"]
[WhiteElo "1300"]
[BlackElo "1477"]
[Opening "French: Winawer, fingerslip variation"]
[ECO "C15"]
[Time "10:57:30"]
[TimeControl "2700+45"]

1. e4 e6 2. d4 d5 3. Nc3 Bb4 4. Bd2 Nf6 5. Bd3 c5 6. dxc5 dxe4 7. Nxe4 Bxd2+ 8.
Nxd2 Qa5 9. Nf3 Qxc5 10. O-O O-O 11. Ne4 Nxe4 12. Bxe4 g6 13. Qd4 Na6 14. Qf6 h6
15. Bxg6 fxg6 16. Qxg6+ Kh8 17. Qxh6+ Kg8 18. Qg6+ Kh8 19. Qh6+ {Game drawn by
mutual agreement} 1/2-1/2

[Event "Team 45 45 League T36"]
[Site "Internet Chess Club"]
[Date "2008.01.25"]
[Round "1"]
[White "gagdad"]
[Black "b-spot"]
[Result "1-0"]
[WhiteElo "1691"]
[BlackElo "1729"]
[Opening "French: exchange variation"]
[ECO "C01"]
[Time "21:08:25"]
[TimeControl "2700+45"]

1. e4 e6 2. d4 d5 3. exd5 exd5 4. Nf3 Bg4 5. Be2 Bd6 6. O-O Ne7 7. Bg5 Nbc6 8.
Bxe7 Nxe7 9. c3 O-O 10. Nbd2 c6 11. Re1 Ng6 12. Qb3 Qc7 13. h3 Bd7 14. Bd3 Nf4
15. Bc2 a5 16. a4 h6 17. Ne5 Bc8 18. Ndf3 Nh5 19. Re3 Nf6 20. Rae1 Be6 21. Bb1
Rfe8 22. Qc2 c5 23. dxc5 Bxc5 24. R3e2 Re7 25. Nd4 Bxd4 26. cxd4 Qxc2 27. Bxc2
Rc8 28. Bb3 Rec7 29. Nd3 b6 30. Nf4 Rc1 31. Nxe6 Rxe1+ 32. Rxe1 fxe6 33. Rxe6
Rc1+ 34. Kh2 Rb1 35. Rxb6 Rxb2 36. Bxd5+ Nxd5 37. Rxb2 Kf7 38. Rb5 Ke6 {Black
resigns} 1-0

[Event "Team 45 45 League T36"]
[Site "Internet Chess Club"]
[Date "2008.01.26"]
[Round "1"]
[White "tammany"]
[Black "Advantage"]
[Result "1-0"]
[WhiteElo "1740"]
[BlackElo "1776"]
[Opening "QGA, 4.Nc3"]
[ECO "D24"]
[Time "17:01:17"]
[TimeControl "2700+45"]

1. d4 d5 2. c4 dxc4 3. Nf3 Nf6 4. Nc3 e6 5. Qa4+ Nbd7 6. e4 Be7 7. Bxc4 O-O 8.
Qc2 c5 9. dxc5 Nxc5 10. Bg5 Nfd7 11. Bxe7 Qxe7 12. O-O Nb6 13. Be2 Bd7 14. Ne5
Be8 15. Rfd1 f6 16. Nd3 Nxd3 17. Rxd3 Bg6 18. Qb3 Bf7 19. Qb5 e5 20. b3 Rfd8 21.
Rad1 Rac8 22. Qa5 Rxd3 23. Rxd3 Rc5 24. Qxa7 Qc7 25. Bf1 Nc8 26. Rd8+ Qxd8 27.
Qxc5 Ne7 28. Bc4 Bxc4 29. Qxc4+ Kf8 30. Nd5 Qa5 31. Qb4 Qxb4 32. Nxb4 Ke8 33.
Kf1 Kd7 34. Ke2 Kd6 35. Kd3 Kc5 36. Kc3 g6 37. a4 h6 38. Nd3+ Kb6 39. Kc4 Nc6
40. Nc5 f5 41. f3 Kc7 42. Kd5 b6 43. Ne6+ Kb7 44. Nf8 fxe4 45. fxe4 g5 46. Ng6
Nd4 47. b4 Nc2 48. b5 Nb4+ 49. Kxe5 Nd3+ 50. Kd6 Nc5 51. e5 {Black resigns} 1-0

[Event "Team 45 45 League T36"]
[Site "Internet Chess Club"]
[Date "2008.01.25"]
[Round "1"]
[White "jazzyrick"]
[Black "dougmo"]
[Result "0-1"]
[WhiteElo "1570"]
[BlackElo "1587"]
[Opening "French: exchange variation"]
[ECO "C01"]
[Time "17:01:10"]
[TimeControl "2700+45"]

1. e4 e6 2. d4 d5 3. exd5 exd5 4. c4 Bb4+ 5. Bd2 Qe7+ 6. Be2 Bxd2+ 7. Kxd2 Nf6
8. Nc3 dxc4 9. Qa4+ Bd7 10. Qxc4 O-O 11. Bf3 Nc6 12. d5 Ne5 13. Qxc7 Rfc8 14. d6
Qf8 15. Qxb7 Qxd6+ 16. Kc1 Nd3+ 17. Kc2 Nxf2 18. Ne2 Bf5+ {White resigns} 0-1

[Event "Team 45 45 League T36"]
[Site "Internet Chess Club"]
[Date "2008.01.27"]
[Round "1"]
[White "fibin"]
[Black "SoaringEagle"]
[Result "1/2-1/2"]
[WhiteElo "1520"]
[BlackElo "1438"]
[Opening "Scandinavian (center counter) defense"]
[ECO "B01"]
[Time "12:57:50"]
[TimeControl "2700+45"]

1. e4 d5 2. exd5 Qxd5 3. Nc3 Qa5 4. Nf3 Bf5 5. d3 Nf6 6. Bd2 Nbd7 7. Be2 c6 8.
O-O e5 9. Re1 Bd6 10. Ne4 Qc7 11. Nxd6+ Qxd6 12. Nh4 Be6 13. a3 Qd4 14. Nf3 Qxb2
15. Ng5 Bf5 16. Rb1 Qxa3 17. Rxb7 Qa6 18. Qb1 O-O 19. d4 Qa4 20. Bd3 Bxd3 21.
cxd3 Qxd4 22. Be3 Qd5 23. Rd1 {Game drawn by mutual agreement} 1/2-1/2

[Event "Team 45 45 League T36"]
[Site "Internet Chess Club"]
[Date "2008.01.27"]
[Round "1"]
[White "dscvdchk"]
[Black "nursey"]
[Result "0-1"]
[WhiteElo "1536"]
[BlackElo "1649"]
[Opening "Réti: King's Indian attack (with ...c5)"]
[ECO "A08"]
[Time "16:01:00"]
[TimeControl "2700+45"]

1. Nf3 d5 2. g3 c5 3. d4 cxd4 4. Qxd4 Nc6 5. Qa4 e6 6. Bg2 Bb4+ 7. c3 Bd6 8. O-O
Bd7 9. Qd1 Nf6 10. Bg5 O-O 11. Nbd2 Rc8 12. Nb3 Qe7 13. Re1 Rfd8 14. Qd3 h6 15.
Bd2 Ne5 16. Nxe5 Bxe5 17. Rad1 Ba4 18. Rc1 b6 19. Nd4 a5 20. b3 Bc6 21. Nxc6
Rxc6 22. f4 Bd6 23. Qb1 Bc5+ 24. e3 b5 25. c4 bxc4 26. Bxa5 Ra8 27. b4 Ng4 28.
Rxc4 Bxe3+ 29. Kf1 Rxc4 30. Qd3 Rd4 31. Qb5 Rd2 32. Re2 Rd1+ 33. Re1 Nxh2+ 34.
Ke2 Rd2+ 35. Kxe3 Rxg2 36. Rc1 Rxg3+ {White resigns} 0-1

[Event "Team 45 45 League T36"]
[Site "Internet Chess Club"]
[Date "2008.01.27"]
[Round "1"]
[White "rayonline53"]
[Black "rd00d"]
[Result "1-0"]
[WhiteElo "1713"]
[BlackElo "1419"]
[Opening "Sicilian: Andreaschek gambit"]
[ECO "B21"]
[Time "19:00:01"]
[TimeControl "2700+45"]

1. e4 c5 2. d4 cxd4 3. c3 e5 4. Nf3 Nc6 5. Bc4 Nf6 6. cxd4 Nxe4 7. dxe5 Nxe5 8.
Nxe5 Qa5+ 9. Bd2 Qxe5 10. Qe2 Bd6 11. f4 Qxb2 12. Qxe4+ Be7 13. Bc3 Qc1+ 14. Kf2
Qxh1 15. Nd2 Qxh2 16. Bxg7 Qh4+ 17. Kg1 Rg8 18. Nf3 Qh5 19. Re1 Qc5+ 20. Bd4 Qd6
21. Ng5 Rxg5 22. fxg5 Kd8 23. Bxf7 a5 24. Kh1 Ra6 25. Bc4 Rc6 26. Bb5 Rc7 27.
Bf6 Qe6 28. Bxe7+ Kxe7 29. Qxh7+ Kd6 30. Rxe6+ dxe6 31. g6 Rc1+ 32. Kh2 e5 33.
g7 Be6 34. g8=Q Bxg8 35. Qxg8 e4 36. Qd8+ Ke5 37. Qg5+ {Black resigns} 1-0

[Event "Team 45 45 League T36"]
[Site "Internet Chess Club"]
[Date "2008.01.25"]
[Round "1"]
[White "JoshK"]
[Black "vaknight"]
[Result "0-1"]
[WhiteElo "1462"]
[BlackElo "1543"]
[Opening "Sicilian: Smith-Morra gambit"]
[ECO "B21"]
[Time "20:02:04"]
[TimeControl "2700+45"]

1. e4 c5 2. d4 cxd4 3. c3 Nf6 4. e5 Nd5 5. Nf3 Nc6 6. Bc4 Nb6 7. Bb3 e6 8. cxd4
Be7 9. O-O d5 10. Nc3 a6 11. Be3 Bd7 12. Qd2 Na5 13. Bc2 Nac4 14. Qc1 Nxe3 15.
fxe3 Rc8 16. Rf2 Na8 17. e4 Nb6 18. Qf4 O-O 19. Raf1 Bc6 20. Qg3 Nc4 21. exd5
Bxd5 22. Qh3 h6 23. Be4 Bxe4 24. Nxe4 Ne3 25. Re1 Nf5 26. Rd1 Qb6 27. Re2 Rfd8
28. Qg4 Kf8 29. Red2 Ne3 30. Rb1 Nxg4 {White resigns} 0-1

[Event "Team 45 45 League T36"]
[Site "Internet Chess Club"]
[Date "2008.01.27"]
[Round "1"]
[White "taijifan"]
[Black "gtm"]
[Result "1-0"]
[WhiteElo "1316"]
[BlackElo "1549"]
[Opening "Scandinavian (center counter) defense"]
[ECO "B01"]
[Time "16:10:41"]
[TimeControl "2700+45"]

1. e4 d5 2. exd5 e6 3. dxe6 Bxe6 4. Nf3 Nf6 5. Bd3 c6 6. O-O Bd6 7. b3 O-O 8.
Bb2 Nbd7 9. Ba3 Qc7 10. Bxd6 Qxd6 11. Nc3 Rfe8 12. Ne4 Nxe4 13. Bxe4 Nf6 14. Re1
Bg4 15. h3 Bh5 16. g4 Bxg4 17. hxg4 Nxe4 18. Qe2 Nf6 19. Qd3 Nxg4 20. Qxd6 Red8
21. Qe7 Rab8 22. Ng5 Nh6 23. Re2 f6 24. Ne6 Nf5 25. Qc7 Re8 26. Rae1 h5 27. Nxg7
Nxg7 28. Rxe8+ Rxe8 29. Rxe8+ Nxe8 30. Qxb7 {Black resigns} 1-0

[Event "Team 45 45 League T36"]
[Site "Internet Chess Club"]
[Date "2008.01.26"]
[Round "1"]
[White "John3v16"]
[Black "Marichan"]
[Result "1/2-1/2"]
[WhiteElo "1879"]
[BlackElo "1771"]
[Opening "Pirc: Byrne variation"]
[ECO "B07"]
[Time "19:58:57"]
[TimeControl "2700+45"]

1. e4 d6 2. d4 Nf6 3. Nc3 g6 4. Bg5 Bg7 5. Qd2 O-O 6. Bc4 Nxe4 7. Bxf7+ Rxf7 8.
Nxe4 Nc6 9. c3 Qf8 10. f3 e5 11. d5 Ne7 12. O-O-O Bf5 13. Ng3 Bd7 14. N1e2 Nf5
15. Nxf5 Bxf5 16. Ng3 Bd7 17. h4 h6 18. Be3 Rd8 19. Rh2 a6 20. Rdh1 c6 21. h5 g5
22. Ne4 g4 23. fxg4 Bxg4 24. Ng3 cxd5 25. Qxd5 Bd7 26. Rf1 Bc6 27. Qe6 Re8 28.
Qxf7+ Qxf7 29. Rxf7 Kxf7 30. Nf5 Re6 31. Rh1 Rf6 32. Nxg7 Kxg7 33. Rh3 Bd7 34.
Rg3+ Kh7 35. Kd2 Rf5 36. Rg6 Rxh5 37. Rxd6 Bc6 38. g3 e4 39. Rf6 Kg7 40. Rf4
Rh2+ 41. Rf2 Rxf2+ 42. Bxf2 h5 43. Ke3 Kf6 44. Kf4 Ke6 45. c4 b5 46. cxb5 axb5
47. Bd4 Kd5 48. Ke3 Kc4 49. a3 Kb3 50. Bc3 Kc4 51. Kd2 Bd7 52. Ke3 Kd5 53. Kd2
{Game drawn by mutual agreement} 1/2-1/2

[Event "Team 45 45 League T36"]
[Site "Internet Chess Club"]
[Date "2008.01.28"]
[Round "1"]
[White "A-Ru"]
[Black "ExpertLevel"]
[Result "1-0"]
[WhiteElo "1925"]
[BlackElo "1759"]
[Opening "Pirc: classical (two knights) system"]
[ECO "A48"]
[Time "19:06:48"]
[TimeControl "2700+45"]

1. d4 Nf6 2. Nf3 g6 3. Nc3 Bg7 4. e4 d6 5. Be3 O-O 6. Qd2 Ng4 7. Bg5 h6 8. Bh4
Nc6 9. h3 Nf6 10. O-O-O a6 11. Bd3 b5 12. g4 b4 13. Ne2 a5 14. g5 hxg5 15. Bxg5
Rb8 16. Bh6 e5 17. dxe5 Nxe5 18. Nxe5 dxe5 19. Bg5 Bb7 20. f3 Qd6 21. h4 Nh5 22.
Rhg1 c5 23. Ng3 Nf4 24. h5 c4 25. Bf1 Qxd2+ 26. Rxd2 Rfc8 27. hxg6 fxg6 28. Rd6
Kf7 29. Bxf4 exf4 30. Ne2 Bf6 31. Rd7+ Ke8 32. Rh7 g5 33. Nxf4 Be7 34. Ne6 Kd7
35. Bh3 Kd6 36. Nxg5 Bxg5+ 37. Rxg5 Rh8 38. Rgg7 Rxh7 39. Rxh7 Ke5 40. Rh5+ Kf4
41. Bg4 Bxe4 42. fxe4 Kxg4 43. Rxa5 Kf4 44. e5 Ke3 45. e6 Rh8 46. Re5+ Kd4 47.
Re1 Re8 48. e7 Kd5 49. Kd2 b3 50. cxb3 cxb3 51. a3 Kd6 52. Kc3 Rxe7 53. Rxe7
Kxe7 54. Kxb3 Kd7 55. Kb4 Kc7 56. Kb5 Kb7 57. b4 Ka7 58. Kc6 Ka6 59. b5+ Ka7 60.
Kc7 Ka8 61. a4 Ka7 62. b6+ Ka8 63. b7+ Ka7 64. b8=Q+ Ka6 65. Qb6# {Black
checkmated} 1-0

[Event "Team 45 45 League T36"]
[Site "Internet Chess Club"]
[Date "2008.01.25"]
[Round "1"]
[White "OGO"]
[Black "Kingofknights"]
[Result "0-1"]
[WhiteElo "1623"]
[BlackElo "1743"]
[Opening "Caro-Kann: Panov-Botvinnik attack"]
[ECO "B13"]
[Time "13:31:08"]
[TimeControl "2700+45"]

1. e4 c6 2. d4 d5 3. exd5 cxd5 4. c4 Nf6 5. Nc3 dxc4 6. Bxc4 e6 7. Nf3 a6 8. O-O
b5 9. Bb3 Bb7 10. Re1 Be7 11. Bf4 O-O 12. Rc1 Nd5 13. Nxd5 Bxd5 14. Re2 Ra7 15.
Rec2 Bxb3 16. axb3 Bd6 17. Bxd6 Qxd6 18. Rc8 g6 19. Ne5 Rxc8 20. Rxc8+ Kg7 21.
Qf3 Qxd4 22. Rxb8 Qxe5 23. Qc3 Qxc3 24. bxc3 Rc7 25. c4 bxc4 26. bxc4 Rxc4 27.
f3 Rc2 28. Ra8 Ra2 29. g4 Kf6 30. h4 a5 31. Ra6 a4 32. Ra5 a3 33. g5+ Kg7 34. f4
Ra1+ 35. Kg2 a2 36. Ra4 h6 37. Ra5 hxg5 38. hxg5 f5 39. Ra7+ Kf8 40. Ra6 Ke7 41.
Kf2 Rh1 {White resigns} 0-1

[Event "Team 45 45 League T36"]
[Site "Internet Chess Club"]
[Date "2008.01.26"]
[Round "1"]
[White "Knight77"]
[Black "Badu"]
[Result "0-1"]
[WhiteElo "1812"]
[BlackElo "1916"]
[Opening "Réti: King's Indian attack (Barcza system)"]
[ECO "A07"]
[Time "05:23:32"]
[TimeControl "2700+45"]

1. Nf3 d5 2. g3 Nf6 3. Bg2 c6 4. d3 Bf5 5. Nbd2 e6 6. O-O Nbd7 7. Re1 Be7 8. e4
dxe4 9. Nxe4 O-O 10. Bf4 Nd5 11. Bd2 Qb6 12. a4 a5 13. Rb1 N7f6 14. Ne5 Rfd8 15.
g4 Bxe4 16. dxe4 Nf4 17. g5 N6h5 18. Nd3 Bxg5 19. Be3 Qa6 20. Qg4 Nxd3 21. Bxg5
Nxe1 22. Bxd8 Nxg2 23. Bg5 Qc4 24. Kxg2 g6 25. Qe2 Qxe2 {White resigns} 0-1

[Event "Team 45 45 League T36"]
[Site "Internet Chess Club"]
[Date "2008.01.28"]
[Round "1"]
[White "cayo89"]
[Black "kabindra"]
[Result "1-0"]
[WhiteElo "1796"]
[BlackElo "1855"]
[Opening "Scotch: Schmidt variation"]
[ECO "C45"]
[Time "09:36:26"]
[TimeControl "2700+45"]

1. e4 e5 2. Nf3 Nc6 3. d4 exd4 4. Nxd4 Nf6 5. Nxc6 bxc6 6. Bd3 d5 7. e5 Qe7 8.
O-O Ne4 9. Bxe4 dxe4 10. Bf4 Qb4 11. b3 Bc5 12. c3 Qb6 13. b4 Be7 14. Nd2 Bf5
15. Re1 Rd8 16. Qe2 c5 17. a3 cxb4 18. axb4 c5 19. Ra6 Qb7 20. b5 e3 21. Bxe3
Bd3 22. Qf3 Qxb5 23. Rxa7 Qb8 24. Bxc5 Bxc5 25. Qxf7# {Black checkmated} 1-0

[Event "Team 45 45 League T36"]
[Site "Internet Chess Club"]
[Date "2008.01.28"]
[Round "1"]
[White "jaybird"]
[Black "HKNIGHT"]
[Result "1/2-1/2"]
[WhiteElo "1687"]
[BlackElo "1693"]
[Opening "Dutch with c4 & Nc3"]
[ECO "A85"]
[Time "21:03:24"]
[TimeControl "2700+45"]

1. d4 f5 2. c4 Nf6 3. Nc3 e6 4. Bg5 Be7 5. Bxf6 Bxf6 6. Nf3 O-O 7. g3 c6 8. e4
fxe4 9. Nxe4 Be7 10. Bg2 d5 11. Ned2 Nd7 12. O-O Qc7 13. Qe2 Nf6 14. Ne5 dxc4
15. Ndxc4 Nd5 16. Rac1 Bf6 17. Rfd1 Bd7 18. Nxd7 Qxd7 19. Ne5 Bxe5 20. dxe5 Rae8
21. Be4 Qf7 22. f4 g6 23. a3 Rd8 24. Rf1 Qc7 25. h4 Qb6+ 26. Kh2 Qe3 27. Rc2
Qxe2+ 28. Rxe2 Rd7 29. Rd1 Rfd8 30. Red2 Kf7 31. Kg1 Ke7 32. Kf2 Nb6 33. Rxd7+
Rxd7 34. Rxd7+ Kxd7 35. b3 Nd5 36. Kf3 Ke7 37. g4 Kf7 38. f5 gxf5 39. gxf5 exf5
40. Bxf5 h5 41. Bc8 b6 42. Bd7 c5 43. Ke4 Ne7 44. Bb5 Ng6 45. Be2 Nxh4 46. Bxh5+
Ke7 47. Kd5 Ng2 48. Kc6 Nf4 49. Bg4 Nd3 50. Kd5 Nf4+ 51. Kc4 Ne6 52. b4 cxb4 53.
axb4 Nc7 54. b5 Kd8 55. Be2 Kd7 56. Kd4 Ke7 57. Bc4 Kd7 58. Ke4 Ke7 59. Kf5 Ne8
60. Ke4 Kd7 61. Bd5 Ke7 62. Bc4 Nc7 63. Kf5 Ne8 64. Be2 Ng7+ 65. Ke4 Kd7 66. Kd5
Kc7 67. Bg4 Kb7 68. Be2 Kc7 69. e6 Nf5 70. Ke5 Ne7 71. Bf3 Ng8 72. Be2 Ne7 73.
Bc4 Ng8 74. Bd5 Ne7 75. Bc4 Ng8 76. Kd5 Ne7+ 77. Ke5 Ng8 78. Kf5 Kd6 79. Kg6 Ke7
80. Kf5 Nf6 81. Ke5 Ne8 82. Kd5 Nd6 83. Be2 Nf5 84. Bd3 Ng7 85. Bc4 Nxe6 86. Kc6
{Game drawn by mutual agreement} 1/2-1/2

[Event "Team 45 45 League T36"]
[Site "Internet Chess Club"]
[Date "2008.01.25"]
[Round "1"]
[White "Kittle"]
[Black "tammany"]
[Result "0-1"]
[WhiteElo "1664"]
[BlackElo "1701"]
[Opening "Alekhine's defense: modern, fianchetto variation"]
[ECO "B04"]
[Time "21:00:27"]
[TimeControl "2700+45"]

1. e4 Nf6 2. e5 Nd5 3. d4 d6 4. Nf3 g6 5. Bd3 Bg7 6. O-O O-O 7. Re1 Nc6 8. exd6
cxd6 9. c3 a6 10. Qc2 b5 11. b4 Bd7 12. Nbd2 Rc8 13. Qb3 Nxc3 14. Bb2 Nxd4 15.
Nxd4 Bxd4 16. Rac1 Qb6 17. Bxc3 Rxc3 18. Rxc3 Bxf2+ 19. Kf1 Bxe1 20. Kxe1 Qe3+
21. Be2 Qg1+ 22. Bf1 Qxh2 23. Rc7 Be6 24. Qc2 Qg3+ 25. Kd1 Bf5 26. Qc3 Bg4+ 27.
Kc2 Qe1 28. Kb2 h5 29. Ra7 Rc8 30. Bc4 bxc4 31. Rxa6 Qf2 32. b5 Rb8 33. a4 Qxg2
34. b6 h4 35. Ka3 h3 36. Ra7 h2 37. b7 h1=Q 38. Ra8 Rxa8 {White resigns} 0-1

[Event "Team 45 45 League T36"]
[Site "Internet Chess Club"]
[Date "2008.01.24"]
[Round "1"]
[White "Raisingthebar"]
[Black "FiendAngelical"]
[Result "1-0"]
[WhiteElo "2023"]
[BlackElo "1842"]
[Opening "Sicilian: Pelikan, Chelyabinsk variation"]
[ECO "B33"]
[Time "19:59:57"]
[TimeControl "2700+45"]

1. e4 c5 2. Nf3 Nc6 3. d4 cxd4 4. Nxd4 Nf6 5. Nc3 e5 6. Ndb5 d6 7. Bg5 a6 8. Na3
b5 9. Nd5 Be7 10. Bxf6 Bxf6 11. c3 O-O 12. Nc2 Bg5 13. a4 bxa4 14. Rxa4 a5 15.
Bd3 Rb8 16. Ra2 Kh8 17. O-O f5 18. exf5 Bxf5 19. Bxf5 Rxf5 20. Qg4 Rf7 21. b4
Bf6 22. Qe4 Ne7 23. bxa5 Nxd5 24. Qxd5 Rc7 25. Nb4 Rc5 26. Qf3 Rbc8 27. Nd5 Qg8
28. Rd1 Rf8 29. a6 Bh4 30. Qe4 Rf4 31. Nxf4 Qxa2 32. Qa8+ Qg8 33. Qxg8+ Kxg8 34.
Ra1 Rc8 35. a7 Ra8 36. Ne6 Rc8 37. a8=Q Rxa8 38. Rxa8+ Kf7 39. Nc7 Be7 40. Ra7
Kg6 41. Ne8 Bf8 42. Nxd6 Bxd6 43. Ra6 {Black resigns} 1-0

[Event "Team 45 45 League T36"]
[Site "Internet Chess Club"]
[Date "2008.01.28"]
[Round "1"]
[White "siddhu"]
[Black "vvsi"]
[Result "1/2-1/2"]
[WhiteElo "1807"]
[BlackElo "1778"]
[Opening "Caro-Kann: exchange variation"]
[ECO "B13"]
[Time "09:30:50"]
[TimeControl "2700+45"]

1. e4 c6 2. d4 d5 3. exd5 cxd5 4. Nf3 Nf6 5. h3 Nc6 6. Bf4 Qb6 7. b3 g6 8. Nc3
Bg7 9. Nb5 e5 10. dxe5 Ne4 11. Be3 Qa5+ 12. c3 Nxc3 13. Qd2 Nxb5 14. Qxa5 Nxa5
15. Bxb5+ Bd7 16. Bxd7+ Kxd7 17. Rc1 Nc6 18. Ng5 Nxe5 19. O-O h6 20. f4 f5 21.
Nf3 Nxf3+ 22. Rxf3 Rac8 23. Rxc8 Rxc8 24. Rf2 d4 25. Rd2 Rc6 26. Bxd4 Rd6 27.
Be3 Rxd2 28. Bxd2 b5 29. Kf2 Kd6 30. Ke2 Kd5 31. Kd3 h5 32. Be3 a6 33. Bf2 Bf8
34. a4 Bd6 35. axb5 axb5 36. Be3 Bc5 37. Bxc5 Kxc5 38. Kc3 b4+ 39. Kd3 h4 40.
Ke3 Kd5 {Game drawn by mutual agreement} 1/2-1/2

[Event "Team 45 45 League T36"]
[Site "Internet Chess Club"]
[Date "2008.02.02"]
[Round "1"]
[White "Ziah"]
[Black "Bega"]
[Result "0-1"]
[WhiteElo "1432"]
[BlackElo "1781"]
[Opening "Ruy Lopez: closed, 8.c3"]
[ECO "C89"]
[Time "05:05:21"]
[TimeControl "2700+45"]

1. e4 e5 2. Nf3 Nc6 3. Bb5 a6 4. Ba4 Nf6 5. O-O b5 6. Bb3 Be7 7. Re1 O-O 8. c3
h6 9. d4 d6 10. h3 Re8 11. a4 Bb7 12. axb5 axb5 13. Rxa8 Qxa8 14. Be3 Bf8 15.
dxe5 Nxe5 16. Nxe5 dxe5 17. f3 Rd8 18. Qe2 Ba6 19. Nd2 c5 20. Bc2 Rc8 21. Ra1
Qc6 22. c4 Rb8 23. b3 Ne8 24. Ra5 Nc7 25. Bd3 bxc4 26. Bxc4 Bxc4 27. Nxc4 f6 28.
Qf2 Rb5 29. Rxb5 Qxb5 30. Qa2 Ne6 31. Na3 Qd3 32. Nc4 Qd8 33. Qd2 Qxd2 34. Nxd2
Kf7 35. Nc4 h5 36. Kf2 g6 37. h4 Nd4 38. Bxd4 exd4 39. Ke2 Ke6 40. g4 Be7 41.
gxh5 gxh5 42. f4 f5 43. exf5+ Kxf5 44. Kf3 Bxh4 45. Ne5 Bd8 46. Nd7 Be7 47. Ne5
Bd6 48. Nd7 h4 {White resigns} 0-1

[Event "Team 45 45 League T36"]
[Site "Internet Chess Club"]
[Date "2008.01.27"]
[Round "1"]
[White "fantanaranja"]
[Black "Nosferatu1"]
[Result "1-0"]
[WhiteElo "1802"]
[BlackElo "1794"]
[Opening "QGD: 4.Nf3"]
[ECO "D37"]
[Time "12:03:51"]
[TimeControl "2700+45"]

1. d4 d5 2. Nf3 e6 3. c4 Nf6 4. Nc3 Nbd7 5. Bg5 h6 6. Bh4 c6 7. e3 Qa5 8. cxd5
exd5 9. e4 Nxe4 10. Bd3 Nxc3 11. bxc3 Qxc3+ 12. Kf1 Nf6 13. Rb1 Bd6 14. Qe2+ Kd8
15. Qd1 Kc7 16. Bg3 Bxg3 17. hxg3 Ne4 18. Rb3 Qa5 19. Qc2 Bf5 20. Kg1 Rab8 21.
Kh2 g6 22. Rhb1 Nd6 23. Bxf5 Nxf5 24. g4 Nd6 25. Ne5 h5 26. g5 Rhf8 27. Rxb7+
Rxb7 28. Qxc6+ Kb8 29. Qxd6+ Kc8 30. Rxb7 Kxb7 31. Qc6+ {Black resigns} 1-0

[Event "Team 45 45 League T36"]
[Site "Internet Chess Club"]
[Date "2008.01.27"]
[Round "1"]
[White "AVEMARIA"]
[Black "IceBox"]
[Result "1-0"]
[WhiteElo "1797"]
[BlackElo "1716"]
[Opening "Sicilian: Alapin's variation (2.c3)"]
[ECO "B22"]
[Time "10:01:23"]
[TimeControl "2700+45"]

1. e4 c5 2. c3 Nf6 3. e5 Nd5 4. Nf3 Nc6 5. Bc4 Nb6 6. Bb3 e6 7. O-O d5 8. exd6
Bxd6 9. d4 O-O 10. Be3 c4 11. Bc2 Nd5 12. Nbd2 b5 13. a4 Qb6 14. axb5 Na5 15.
Ne4 Bc7 16. Qd2 Qxb5 17. Ba4 Qb6 18. Nc5 Nb7 19. b4 cxb3 20. Nxb3 Nd6 21. Nc5
Nf5 22. Rfb1 Qd6 23. Ne5 Bb6 24. Nc4 Qc7 25. Nxb6 axb6 26. Ne4 Nfxe3 27. fxe3 f5
28. Ng5 Qxc3 29. Qxc3 Nxc3 30. Bc6 Rxa1 31. Rxa1 h6 32. Nf3 b5 33. Ne5 b4 34.
Ra8 b3 35. Rb8 b2 36. Rxb2 Ba6 37. Bf3 Rd8 38. Rb6 Bc8 39. Rb8 Nd5 40. Bxd5 exd5
41. Nc6 Re8 42. Rxc8 Rxc8 43. Ne7+ Kf7 44. Nxc8 Ke6 45. Nb6 Kd6 46. Na4 Ke6 47.
Nc5+ Kf6 48. Nd3 g5 49. Kf2 h5 50. h4 gxh4 51. Nf4 {Black resigns} 1-0

[Event "Team 45 45 League T36"]
[Site "Internet Chess Club"]
[Date "2008.01.24"]
[Round "1"]
[White "Dbronstein06"]
[Black "cityprosecutor"]
[Result "1-0"]
[WhiteElo "1700"]
[BlackElo "1654"]
[Opening "Sicilian: dragon, Yugoslav attack"]
[ECO "B75"]
[Time "17:27:05"]
[TimeControl "2700+45"]

1. e4 c5 2. Nf3 d6 3. d4 cxd4 4. Nxd4 Nf6 5. Nc3 g6 6. Be3 Bg7 7. f3 Nc6 8. Qd2
Bd7 9. Bc4 Rc8 10. Bb3 h5 11. O-O-O Ne5 12. Bg5 Nc4 13. Qe2 Na5 14. e5 Nxb3+ 15.
Nxb3 dxe5 16. Qxe5 O-O 17. Qd4 Be6 18. Qf4 Qb6 19. Bh6 Rc4 20. Qd2 Rfc8 21. Bxg7
Kxg7 22. Nd4 Bd7 23. Rhe1 e6 24. h4 Qa5 25. Nb3 Qa6 26. Kb1 Bc6 27. Nd4 Bd5 28.
Nxd5 Nxd5 29. g4 Nb4 30. a3 Nxc2 31. Nxc2 Rxc2 32. Qd4+ Kh7 33. gxh5 R2c7 34.
hxg6+ fxg6 35. Qf6 Qa4 36. Qxe6 Qxh4 37. Rh1 {Black resigns} 1-0